 Dungeon Crawl Stone Soup version 0.28-a0-895-g6e5f11bd55 (webtiles) character file.

Game seed: 12621316822557501110

1 vurker the Gusty (level 1, 0/14 HPs)
             Began as a Demigod Air Elementalist on Nov 23, 2021.
             Succumbed to a kobold's poison
             ... on level 1 of the Dungeon.
             The game lasted 00:00:14 (63 turns).

vurker the Gusty (Demigod Air Elementalist)           Turns: 63, Time: 00:00:15

Health: 0/14       AC:  2    Str:  9    XL:     1   Next: 13%
Magic:  1/5        EV: 12    Int: 17    God:
Gold:   0          SH:  0    Dex: 14    Spells: 2/3 levels left

rFire   . . .      SeeInvis .   (no weapon)
rCold   . . .      Faith    .   (no shield)
rNeg    . . .      Spirit   .   a - +0 robe
rPois   .          Reflect  .   (no helmet)
rElec   .          Harm     .   (no cloak)
rCorr   .          Rampage  .   (no gloves)
Will    .....                   (no boots)
Stlth   ++........              (no amulet)
HPRegen 0.04/turn               (no ring)
MPRegen 0.09/turn               (no ring)

@: lethally poisoned (0 -> -3)
A: high mp 1, forlorn
a: no special abilities


You were on level 1 of the Dungeon.
You visited 1 branch of the dungeon, and saw 1 of its levels.

Inventory:

Armour
 a - a +0 robe (worn)


   Skills:
 + Level 0.0 Fighting
 - Level 1.7 Dodging
 - Level 1.7 Stealth
 * Level 1.8 Spellcasting
 + Level 0.9 Conjurations
 * Level 2.7 Air Magic


You had 2 spell levels left.
You knew the following spells:

 Your Spells              Type           Power      Damage    Failure   Level
a - Shock                 Conj/Air       28%        1d4       10%         1

Your spell library contained the following spells:

 Spells                   Type           Power      Damage    Failure   Level
 Static Discharge         Conj/Air       7%         N/A       14%         2
 Swiftness                Air            10%        N/A       19%         3
 Airstrike                Air            5%         N/A       54%         4


Dungeon Overview and Level Annotations

Branches:
Dungeon (1/15)


Innate Abilities, Weirdness & Mutations

Your attributes grow dramatically as you level up.
You have an increased reservoir of magic. (+10% MP)
You shall have no god before yourself.


Message History

It is said that the Orb of Zot exists deep within this dungeon.
Found a staircase leading out of the dungeon.
You open the large door.
There is a large open door here.
You open the large door.
There is a large open door here.
You open the large door.
There is a large open door here.
Found two stone staircases leading down.
A kobold comes into view. It is wielding a +2 dagger of venom.
A kobold is nearby!
Aim: a kobold, wielding a +2 dagger of venom (asleep, 100% to hit)
The zap hits the kobold.
Aim: a kobold, wielding a +2 dagger of venom (moderately wounded, 60% to hit)
The zap misses the kobold.
Aim: a kobold, wielding a +2 dagger of venom (moderately wounded, 60% to hit)
The zap hits the kobold but does no damage.
Aim: a kobold, wielding a +2 dagger of venom (moderately wounded, 60% to hit)
The zap hits the kobold.
Aim: a kobold, wielding a +2 dagger of venom (severely wounded, 60% to hit)
You miscast Shock.
You are very lightly contaminated with residual magic.
Nothing appears to happen.
The kobold barely misses you.
You don't have enough magic to cast this spell.
You don't have enough magic to cast this spell.
You barely miss the kobold.
The kobold hits you with a +2 dagger of venom.
You are lethally poisoned!
You hit the kobold but do no damage.
You feel very sick. The kobold closely misses you.
You hit the kobold.
You kill the kobold!
* * * LOW HITPOINT WARNING * * *
You feel sick.
Found 18 arrows.
* * * LOW HITPOINT WARNING * * *
You feel sick.
You see here a +2 dagger of venom.
Okay, then.
You aren't carrying any potions.
Found a scroll labelled WIBACS PYTZ.
* * * LOW HITPOINT WARNING * * *
You feel sick.
* * * LOW HITPOINT WARNING * * *
You feel sick.
Your magical contamination has completely faded away.
* * * LOW HITPOINT WARNING * * *
You feel sick.
You die...

# .(......#### #
#.......... ### ####
.#..>....# #<' ...?.
........# #.'
......##.>..... ###
.............# ###
#.....##..#.# #.#
#......@...)#### #.#
#...######.....#####
#.# . ##.##....^#
#.# #.######.###.#
#.# #...... ...
######. #.# ...####.
#.# #...... ...
######.


There were no monsters in sight!

Vanquished Creatures
  A kobold (D:1)
1 creature vanquished.

Notes
Turn   | Place    | Note
-------+----------+-------------------------------------------
     0 | D:1      | vurker the Demigod Air Elementalist began the quest for the
                  | Orb.
     0 | D:1      | Reached XP level 1. HP: 14/14 MP: 5/5
    63 | D:1      | Succumbed to a kobold's poison

Illustrated notes

Levels and vault maps discovered:
D:1:      lightli_arrival_lavapool, layout_rooms

Action                   || total
-------------------------++-------
Melee: Unarmed           ||     3
 Cast: Shock             ||     4
Dodge: Dodged            ||     2

Table legend: (Time is in decaauts)
 A = Elapsed time spent in this place.
 B = Non-inter-level travel time spent in this place.
 C = Inter-level travel time spent in this place.
 D = Time resting spent in this place.
 E = Time spent auto-exploring this place.
 F = Levels seen in this place.
 G = Mean time per level.
                   A        B        C        D        E       F      G
               +--------+--------+--------+--------+--------+-----+--------+
         Total |     63 |     63 |      0 |      0 |     49 |   1 |   63.0 |
       Dungeon |     63 |     63 |      0 |      0 |     49 |   1 |   63.0 |
               +--------+--------+--------+--------+--------+-----+--------+

Top non-repeatable levels by time:
     D:1: 63 daAuts
